 Dungeon Crawl Stone Soup version 0.24.0-35-gdb84b6a5db (webtiles) character file.

Game seed: 461864798246521916, levelgen mode: deterministic

3028 Nattfarinn the Tainter (level 9, -13/55 HPs)
             Began as a Gargoyle Venom Mage on Nov 19, 2019.
             Was an Elder of Okawaru.
             Mangled by a two-headed ogre
             ... wielding a +0 giant club
              (26 damage)
             ... on level 8 of the Dungeon.
             The game lasted 00:21:51 (7661 turns).

Nattfarinn the Tainter (Gargoyle Venom Mage)        Turns: 7661, Time: 00:21:52

Health: -13/55     AC:  9    Str: 14    XL:     9   Next: 86%
Magic:  4/5        EV: 17    Int: 17    God:    Okawaru [****..]
Gold:   503        SH:  0    Dex: 10    Spells: 15/19 levels left

rFire    + + +     SeeInvis +   q - +4 morningstar of Discretion {antimagic, rF+++ rC- rN+ SInv}
rCold    x . .     Gourm    .   (no shield)
rNeg     + + .     Faith    .   a - +1 robe
rPois    ∞         Spirit   .   (no helmet)
rElec    +         Reflect  .   (no cloak)
rCorr    .         Harm     .   (no gloves)
MR       .....                  (no boots)
Stlth    ++........             r - amulet of regeneration
HPRegen  0.58/turn              e - +5 ring of evasion
MPRegen  0.09/turn              (no ring)

@: no status effects
A: negative energy resistance 1, electricity resistance, unbreathing,
petrification resistance, rot immunity, AC +6
a: Heroism, Renounce Religion


You were on level 8 of the Dungeon.
You worshipped Okawaru.
Okawaru was greatly pleased with you.
You were not hungry.

You visited 1 branch of the dungeon, and saw 8 of its levels.

You collected 503 gold pieces.

Inventory:

Hand Weapons
 b - a +0 club
 o - a +2 dagger of draining
 q - the +4 morningstar of Discretion (weapon) {antimagic, rF+++ rC- rN+ SInv}
   (You found it on level 6 of the Dungeon)

   It reduces the magical energy of the wielder, and disrupts the spells and
   magical abilities of those hit.
   Natural abilities and divine invocations are not affected.
   It renders you almost immune to fire.
   It makes you vulnerable to cold.
   It protects you from negative energy.
   It lets you see invisible.
Armour
 a - a +1 robe (worn)
Jewellery
 e - a +5 ring of evasion (left hand)
 r - an amulet of regeneration (around neck)
Wands
 l - a wand of acid (11)
 s - a wand of polymorph (14)
 y - a wand of disintegration (11)
 z - a wand of iceblast (8)
 A - a wand of flame (18)
Scrolls
 d - 2 scrolls of teleportation
 i - 2 scrolls of immolation
 m - a scroll of enchant weapon {unknown}
 p - 2 scrolls of amnesia
 u - 6 scrolls of remove curse
 w - a scroll of magic mapping
 B - 2 scrolls of enchant armour
Potions
 f - 3 potions of flight
 g - a potion of magic
 h - a potion of invisibility {unknown}
 j - a potion of ambrosia
 k - 2 potions of heal wounds
 n - 2 potions of agility
 x - 3 potions of curing
 C - a potion of haste {unknown}
 E - a potion of cancellation
Comestibles
 c - 8 rations


   Skills:
 + Level 6.0 Fighting
 * Level 3.5 Maces & Flails
 + Level 6.0 Armour
 - Level 1.5 Dodging
 - Level 2.1 Stealth
 + Level 5.6 Spellcasting
 - Level 1.1 Conjurations
 * Level 8.7 Poison Magic


You had 15 spell levels left.
You knew the following spells:

 Your Spells              Type           Power        Failure   Level  Hunger
a - Sting                 Conj/Pois      ###.         1%          1    None
b - Mephitic Cloud        Conj/Pois/Air  ###.....     11%         3    ##.....

Your spell library contained the following spells:

 Spells                   Type           Power        Failure   Level  Hunger
 Poisonous Vapours        Pois/Air       ###...       3%          2    #......
 Olgreb's Toxic Radiance  Pois           ####....     3%          4    ####...
 Magic Dart               Conj           #...         9%          1    None
 Searing Ray              Conj           #.....       13%         2    #......
 Dazzling Spray           Conj/Hex       #.....       32%         3    ##.....
 Venom Bolt               Conj/Pois      ###.......   45%         5    ######.
 Iskenderun's Mystic Bla  Conj           #.......     63%         4    ####...
 Force Lance              Conj/Tloc      #.......     71%         4    ####...
 Fulminant Prism          Conj/Hex       #.........   71%         4    ####...


Dungeon Overview and Level Annotations

Branches:
Dungeon (8/15)             Temple (0/1) D:7
   Lair: D:8-11

Altars:
Elyvilon
Hepliaklqana
Kikubaaqudgha
Makhleb
Okawaru
Qazlal
Sif Muna
Trog
The Shining One

Shops:
D:4 %   D:8 (

Annotations:
D:4 1 runed translucent door, qpqp's ghost, weakling OgTm


Innate Abilities, Weirdness & Mutations

You are resistant to torment.
Your stone body is resilient. (AC +6)
You are immune to poison.
You resist negative energy. (rN+)
You are resistant to electric shocks. (rElec)
You can survive without breathing.
You are immune to petrification.
You are immune to rotting.


Message History

The two-headed ogre closely misses you.
Okay, then.
As you read the scroll of fear, it crumbles to dust.
You assume a fearsome visage.
The two-headed ogre looks frightened!
Casting: Sting (safe; 1% risk of failure)
Confirm with . or Enter, or press ? or * to list all spells.
Aiming: Sting (safe; 1% risk of failure)
Press: ? - help, Shift-Dir - straight line, f/p - two-headed ogre
Aim: a two-headed ogre, wielding a +0 giant club and a -3 dire flail (lightly wounded, fleeing)
The sting hits the two-headed ogre but does no damage.
The two-headed ogre is poisoned.
The two-headed ogre is lightly wounded.
Your attack snaps the two-headed ogre out of its fear.
The two-headed ogre closely misses you. x2
Found 6 poisoned darts.
The two-headed ogre looks more healthy.
As you read the scroll labeled SUFEUG AVOAPEO, it crumbles to dust.
You feel aware of your surroundings.
It was a scroll of magic mapping.
The two-headed ogre hits you with a +0 giant club!!
You die...

,,,,,,,,,**,#,........##....#
**,,,,,,,*#+#'#####...##....#
***,**,,,..................#
*,**,,,........########..#
****,**,,,...).....##....#..#
,,,,,,,,,,.......⌠....≈_.#..#####
****,*,***######.....≈...#.......
*,,,,,...####..≈..≈...#.......
***,**.......@O≈≈≈≈..##.......
*,**.#(.....)≈≈≈≈..##.......
*,**,#...##..≈≈≈≈...#.......
*,**,#.#.*##.≈≈.≈.⌠.........
*,**,#,*,**#........##......
*,**,*,*,,.......#..##......
*****,**,*,**####.#.....(#......
*,,,,,,,,*,**...#.#.....((....∩.
**,*,,,,,*,**.#..........#......


You could see a two-headed ogre.

Vanquished Creatures
  Pikel (D:4)
  A water moccasin (D:7)
  2 orc warriors
  An ice beast (D:6)
  2 sky beasts
  4 ogres
  2 phantoms (D:7)
  A crocodile (D:8)
  4 bullfrogs
  2 scorpions
  4 wights (D:7)
  5 crimson imps
  A centaur zombie (D:5)
  A jelly (D:4)
  4 hounds
  An orc priest (D:4)
  A bullfrog skeleton (D:6)
  A centaur skeleton (D:4)
  4 orc wizards
  3 iguanas
  2 hound skeletons
  A worker ant zombie (D:8)
  2 howler monkey skeletons
  7 adders
  2 shadow imps (D:6)
  An ooze (D:7)
  An adder skeleton (D:8)
  2 worms
  3 dart slugs (D:1)
  4 leopard geckos
  29 orcs
  6 bats
  5 giant cockroaches
  6 goblins
  5 hobgoblins
  7 jackals
  3 kobolds (D:1)
  A quokka (D:4)
  6 frilled lizards
  A jackal skeleton (D:5)
  A jackal zombie (D:5)
  2 leopard gecko skeletons
  2 leopard gecko zombies
  A quokka skeleton (D:4)
  6 rats
151 creatures vanquished.

Vanquished Creatures (others)
  3 jackals (D:4)
3 creatures vanquished.

Grand Total: 154 creatures vanquished

Notes
Turn   | Place    | Note
-------+----------+-------------------------------------------
     0 | D:1      | Nattfarinn the Gargoyle Venom Mage began the quest for the
                  | Orb.
     0 | D:1      | Reached XP level 1. HP: 10/10 MP: 3/3
    49 | D:1      | Reached XP level 2. HP: 16/16 MP: 0/5
   586 | D:1      | Reached skill level 1 in Fighting
   593 | D:1      | Reached skill level 1 in Armour
   747 | D:1      | Reached XP level 3. HP: 20/20 MP: 3/6
  1513 | D:2      | Learned a level 3 spell: Mephitic Cloud
  1847 | D:1      | Reached XP level 4. HP: 19/25 MP: 4/7
  2068 | D:2      | Reached skill level 4 in Poison Magic
  2169 | D:2      | Found a white marble altar of Elyvilon.
  2169 | D:2      | Found a glowing golden altar of the Shining One.
  2388 | D:3      | Reached XP level 5. HP: 30/30 MP: 9/9
  2506 | D:3      | Found an iron altar of Okawaru.
  2516 | D:3      | Became a worshipper of Warmaster Okawaru
  2673 | D:3      | Found a shimmering blue altar of Sif Muna.
  2980 | D:3      | Found a burning altar of Makhleb.
  3164 | D:4      | Noticed a slave
  3164 | D:4      | Noticed a slave
  3164 | D:4      | Noticed Pikel
  3171 | D:4      | Noticed a slave
  3173 | D:4      | Noticed a slave
  3213 | D:4      | Killed Pikel
  3213 | D:4      | Reached * piety under Okawaru
  3213 | D:4      | Reached skill level 5 in Poison Magic
  3213 | D:4      | Reached XP level 6. HP: 33/37 MP: 9/11
  3213 | D:4      | Reached XP level 7. HP: 36/41 MP: 9/12
  3307 | D:4      | Reached skill level 6 in Poison Magic
  3335 | D:4      | Found Okam's Food Shoppe.
  3430 | D:4      | Found a runed translucent door.
  3435 | D:4      | Found a hazy altar of Hepliaklqana.
  3455 | D:4      | Reached ** piety under Okawaru
  3728 | D:4      | Reached XP level 8. HP: 48/48 MP: 6/14
  3925 | D:4      | Noticed qpqp's ghost (weakling OgTm)
  4346 | D:5      | Entered Level 5 of the Dungeon
  4730 | D:5      | Reached skill level 7 in Poison Magic
  5022 | D:5      | Found a bloodstained altar of Trog.
  5652 | D:6      | Reached skill level 5 in Fighting
  5652 | D:6      | Reached skill level 5 in Armour
  5888 | D:6      | Reached *** piety under Okawaru
  5934 | D:6      | Reached XP level 9. HP: 51/54 MP: 7/16
  5936 | D:6      | Got an iridescent morningstar
  5937 | D:6      | Identified the +4 morningstar of Discretion {antimagic,
                  | rF+++ rC- rN+ SInv} (You found it on level 6 of the
                  | Dungeon)
  6100 | D:6      | Reached skill level 5 in Spellcasting
  6342 | D:7      | Reached skill level 1 in Maces & Flails
  6361 | D:7      | Reached skill level 8 in Poison Magic
  6512 | D:7      | Found a stormy altar of Qazlal.
  6777 | D:7      | Reached **** piety under Okawaru
  7116 | D:7      | Found a staircase to the Ecumenical Temple.
  7435 | D:8      | Found Mavyog's Antique Weapon Boutique.
  7626 | D:8      | Found an ancient bone altar of Kikubaaqudgha.
  7627 | D:8      | Noticed a two-headed ogre
  7661 | D:8      | Mangled by a two-headed ogre

Levels and vault maps discovered:
D:1:      dpeg_arrival_refuge, layout_basic
D:2:      layout_basic, gammafunk_temple_overflow_wave, first_ration,
          minivault_26
D:3:      layout_loops_cross, marbit_many_paths, lightli_temple_of_fire,
          okawaru_trees_1
D:4:      layout_basic, old_standard_altar, ebering_ghost_sewer_d, serial_shops,
          nicolae_shop_crystal, uniq_pikel
D:5:      layout_basic, old_standard_altar
D:6:      layout_basic
D:7:      layout_layer_cave, lemuel_doored_altar, minmay_temple_entry_glass
D:8:      layout_basic, kiku_gazebo_pond_becter, serial_shops, shop

Skill      XL: |  1  2  3  4  5  6  7  8  9 |
---------------+----------------------------+-----
Fighting       | 1 2 3 4 5 6 |  6.0
Armour         | 1 3 4 5 6 |  6.0
Poison Magic   | 4 5 6 7 8 |  8.7
Spellcasting   | 3 4 5 |  5.6
Maces & Flails | 3 |  3.5
Dodging        | |  1.5
Stealth        | |  2.1
Conjurations   | |  1.1

Action                   |  1- 3 |  4- 6 |  7- 9 || total
-------------------------+-------+-------+-------++-------
Melee: Unarmed           |    10 |       |       ||    10
       Club              |   115 |     2 |       ||   117
       Dagger            |       |   117 |   509 ||   626
       Morningstar       |       |       |   164 ||   164
 Cast: Sting             |    28 |    19 |    90 ||   137
       Mephitic Cloud    |       |       |     5 ||     5
  Use: Scroll            |       |     4 |    10 ||    14
       Potion            |       |       |     4 ||     4
 Stab: Sleeping          |     2 |     2 |       ||     4
       Confused          |       |       |     2 ||     2
  Eat: Chunk             |     4 |     4 |    13 ||    21
       Ration            |       |       |     1 ||     1
Armor: Robe              |    37 |    31 |   211 ||   279
Dodge: Dodged            |   155 |    92 |   745 ||   992
